 Dungeon Crawl Stone Soup version 0.20.0 (webtiles) character file.

114 Danakh the Slasher (level 4, -3/27 HPs)
             Began as a Tengu Warper on May 31, 2017.
             Slain by a worker ant (4 damage)
             ... on level 3 of the Dungeon.
             The game lasted 00:06:34 (2857 turns).

Danakh the Slasher (Tengu Warper)                   Turns: 2857, Time: 00:06:35

Health: -3/27      AC:  8    Str: 11    XL:     4   Next: 97%
Magic:  8/8        EV:  6    Int: 14    God:
Gold:   84         SH:  0    Dex: 14    Spells: 3/7 levels left

rFire    . . .     SeeInvis .   a - +0 falchion
rCold    . . .     Gourm    .   (no shield)
rNeg     . . .     Faith    .   p - +0 chain mail
rPois    +         Spirit   .   (helmet restricted)
rElec    .         Reflect  .   (no cloak)
rCorr    .         Harm     .   (no gloves)
MR       .....                  (boots unavailable)
Stlth    ..........             (no amulet)
Regen    0.1/turn               m - ring of poison resistance
MPRegen  0.2/turn               (no ring)

@: no status effects
A: beak, talons 3
a: no special abilities


You were on level 3 of the Dungeon.
You were not hungry.

You visited 1 branch of the dungeon, and saw 3 of its levels.

You collected 84 gold pieces.

Inventory:

Hand Weapons
 a - a +0 falchion (weapon)
Missiles
 e - 5 tomahawks of dispersal (quivered)
Armour
 b - a +0 leather armour
 p - a +0 chain mail (worn)
Jewellery
 m - a ring of poison resistance (left hand)
Scrolls
 d - a scroll of blinking
 g - 2 scrolls of remove curse
 i - a scroll of recharging
 o - a scroll of teleportation {unknown}
Potions
 h - 2 potions of brilliance {unknown}
 j - a potion of agility
 k - a potion of might {unknown}
Books
 c - a book of Spatial Translocations

   Spells                             Type                      Level
   a - Blink                          Translocation                2
   b - Shroud of Golubria             Charms/Translocation         2
   c - Lesser Beckoning               Translocation                3
   d - Gell's Gravitas                Translocation                3
   e - Teleport Other                 Translocation                3
   f - Passage of Golubria            Translocation                4
Comestibles
 f - 2 bread rations
 l - a chunk of flesh
 n - a meat ration
 q - a fruit


   Skills:
 + Level 2.8 Fighting
 * Level 3.8 Long Blades
 - Level 1.0 Throwing
 + Level 2.1 Armour
 + Level 3.1 Dodging
 - Level 2.0 Spellcasting
 - Level 2.4 Translocations


You had 3 spell levels left.
You knew the following spells:

 Your Spells              Type           Power        Failure   Level  Hunger
b - Blink                 Tloc           N/A          100%        2    ###....
e - Shroud of Golubria    Chrm/Tloc      #.........   100%        2    ###....


Dungeon Overview and Level Annotations

Branches:
Dungeon (3/15)

Altars:
Xom


Innate Abilities, Weirdness & Mutations

You have a beak for a mouth.
You have claws for feet.


Message History

The worker ant is heavily wounded.
The worker ant bites you. x2
* * * LOW HITPOINT WARNING * * *
You barely miss the worker ant.
The worker ant is heavily wounded.
The worker ant barely misses you.
You riposte.
You barely miss the worker ant.
You claw the worker ant, but do no damage.
You peck the worker ant.
The worker ant is severely wounded.
You hit the worker ant.
You claw the worker ant, but do no damage.
You peck the worker ant, but do no damage.
The worker ant is severely wounded.
The worker ant bites you.
* * * LOW HITPOINT WARNING * * *
You closely miss the worker ant.
The worker ant is severely wounded.
The worker ant bites you but does no damage.
The worker ant bites you.
You die...

#........#
#........#
#........#
#........##
#.........###
##.......<...#
#.........##..#
#..........#
..#
#####@####... #
#a# ##..
#...........#
.##
###.........# #
#.<.......#
#.........#
#.........#
...........
##.........#.


You could see a worker ant.

Vanquished Creatures
  4 adders
  3 gnolls (D:2)
  2 dart slugs (D:2)
  A leopard gecko (D:2)
  2 orcs (D:2)
  2 giant cockroaches (D:2)
  2 goblins (D:1)
  4 hobgoblins
  A quokka (D:1)
  10 bats
  4 frilled lizards (D:2)
  6 kobolds
  2 rats
43 creatures vanquished.

Notes
Turn   | Place    | Note
-------+----------+-------------------------------------------
     0 | D:1      | Danakh the Tengu Warper began the quest for the Orb.
     0 | D:1      | Reached XP level 1. HP: 12/12 MP: 4/4
   433 | D:1      | Reached XP level 2. HP: 17/17 MP: 6/6
   437 | D:1      | Learned a level 2 spell: Blink
  1130 | D:2      | Reached XP level 3. HP: 13/22 MP: 7/7
  1134 | D:2      | Learned a level 2 spell: Shroud of Golubria
  2158 | D:2      | Reached XP level 4. HP: 20/27 MP: 8/8
  2440 | D:2      | Found a shimmering altar of Xom.
  2856 | D:3      | HP: 1/27 [worker ant (5)]
  2857 | D:3      | Slain by a worker ant

Skill      XL: |  1  2  3  4 |
---------------+-------------+-----
Long Blades    | 3 |  3.8
Armour         | 2 |  2.1
Dodging        | 3 |  3.1
Fighting       | |  2.8
Throwing       | |  1.0
Spellcasting   | |  2.0
Translocations | |  2.4

Action                   |  1- 3 |  4- 6 || total
-------------------------+-------+-------++-------
Melee: Falchion          |    73 |    40 ||   113
       Peck              |    17 |     9 ||    26
       Kick              |    19 |    12 ||    31
  Use: Scroll            |     2 |       ||     2
       Potion            |     1 |       ||     1
  Eat: Chunk             |     2 |     2 ||     4
       Royal jelly       |       |     1 ||     1
Armor: Leather armour    |    13 |       ||    13
       Chain mail        |       |    16 ||    16
Dodge: Dodged            |    54 |    26 ||    80
       Rpst.: Falchion   |    18 |     8 ||    26
